NCAA
VIRGINIA CAVALIERS @ SAINT JOHN'S RED STORM
04/21/2025
 
TOP OF THE 1ST
Virginia Cavaliers batting - Pitching for Saint John's Red Storm : RHP Ryan Heath
Pitching: RHP Ryan Heath
Batting: RHB Bartolo Reyes 0-0: Called Strike
0-1: Ball
1-1: SINGLE (Groundball, 23) (infield hit)
Batting: SHB Walton Locke 0-0: Called Strike
0-1: Ball
1-1: Ball
2-1: Ball
3-1: Called Strike
3-2: Foul Ball, location: 2F
3-2: SINGLE (Line Drive, 9LS)
Bartolo Reyes to second
Batting: RHB Curt Owens 0-0: Ball
1-0: Ball
2-0: Ball
3-0: Base on Balls
Bartolo Reyes to third
Walton Locke to second
Batting: LHB Gabriel Aragón 0-0: Fly out, F2 (Popup, 2LF)
Batting: RHB Jimmy Hoffman 0-0: Fly out, F2 (Popup, 23F)
Batting: RHB Sean Johnson 0-0: Ball
1-0: SINGLE (Line Drive, 78S)
Bartolo Reyes scores
Walton Locke to third
Curt Owens to second
Runner from 3rd tries for Home, SAFE, no throw or cutoff
Batting: RHB Mark Whiffen 0-0: Ball
1-0: Called Strike
1-1: Ground out 1-3 (Groundball, 15)
Top of the 1st over - 2 run(s), 3 hit(s), 0 error(s), 2 left on base; Virginia 2 - Saint John's 0
BOTTOM OF THE 1ST
Saint John's Red Storm batting - Pitching for Virginia Cavaliers : RHP Michael Waller
Pitching: RHP Michael Waller
Batting: LHB Félix Costa 0-0: Called Strike
0-1: Ground out 6-3 (Groundball, 6M)
Batting: SHB Frank Kennedy 0-0: Called Strike
0-1: Called Strike
0-2: Ball
1-2: SINGLE (Groundball, 6MS) (infield hit)
Batting: LHB António Velásquez 0-0: Ball
1-0: Foul Ball, location: 2F
1-1: SINGLE (Line Drive, 34)
Frank Kennedy to second
Runner from 2nd tries for 3rd, SAFE, throw made to third
Batting: RHB Ed Merritt 0-0: Called Strike
0-1: Fly out, F8 (Flyball, 8LM)
Runner from 3rd tags up, SCORES, throw made
Batting: RHB Miguel Hernández 0-0: Called Strike
0-1: Ball
1-1: Ball
2-1: Ball
3-1: Called Strike
3-2: SINGLE (Line Drive, 34)
António Velásquez to second
António Velásquez to third
Batting: RHB Jeffery Evans 0-0: Ball
1-0: Called Strike
1-1: SINGLE (Line Drive, 8RS)
António Velásquez scores
Miguel Hernández to second
Batting: RHB Mac Johnson 0-0: Swinging Strike
0-1: Swinging Strike
0-2: Strikes out swinging
Bottom of the 1st over - 2 run(s), 4 hit(s), 0 error(s), 2 left on base; Virginia 2 - Saint John's 2
TOP OF THE 2ND
Virginia Cavaliers batting - Pitching for Saint John's Red Storm : RHP Ryan Heath
Batting: RHB Stan Taylor 0-0: Foul Ball, location: 2F
0-1: Foul Ball, location: 2F
0-2: Fly out, F8 (Flyball, 8LM)
Batting: RHB Bruce Kefer 0-0: Called Strike
0-1: Foul Ball, location: 2F
0-2: Ball
1-2: Ball
2-2: Fly out, F6 (Popup, 6MD)
Batting: RHB Bartolo Reyes 0-0: Called Strike
0-1: Foul Ball, location: 2F
0-2: Foul Ball, location: 2F
0-2: Foul Ball, location: 2F
0-2: Ball
1-2: Ground out 6-3 (Groundball, 6M)
Top of the 2nd over - 0 run(s), 0 hit(s), 0 error(s), 0 left on base; Virginia 2 - Saint John's 2
BOTTOM OF THE 2ND
Saint John's Red Storm batting - Pitching for Virginia Cavaliers : RHP Michael Waller
Batting: RHB Nick Crosby 0-0: Ball
1-0: Ball
2-0: Called Strike
2-1: Called Strike
2-2: Ball
3-2: Base on Balls
Batting: SHB Ray O'Dell 0-0: Called Strike
0-1: Ball
1-1: Called Strike
1-2: SINGLE (Flyball, 7S)
Nick Crosby to second
Batting: LHB Félix Costa 0-0: Foul Ball, location: 2F
0-1: Ball
1-1: Ball
2-1: Foul Ball, location: 2F
2-2: Foul Ball, location: 2F
2-2: Foul Ball, location: 2F
2-2: Foul Ball, location: 2F
2-2: Foul Ball, location: 2F
2-2: Foul Ball, location: 2F
2-2: Foul Ball, location: 2F
2-2: Foul Ball, location: 2F
2-2: Fly out, F7 (Line Drive, 6D)
Batting: SHB Frank Kennedy 0-0: Reached on error, E6 (Groundball, 6MS)
Nick Crosby to third
Ray O'Dell to second
Batting: LHB António Velásquez 0-0: Ball
1-0: Ball
2-0: Called Strike
2-1: Foul Ball, location: 2F
2-2: Foul Ball, location: 2F
2-2: Foul Ball, location: 2F
2-2: Ball
3-2: Fly out, F7 (Flyball, 7M)
Runner from 3rd tags up, SCORES, no throw
Batting: RHB Ed Merritt 0-0: Ball
1-0: Ball
2-0: Foul Ball, location: 2F
2-1: Foul Ball, location: 2F
2-2: Ground out 6-3 (Groundball, 56)
Bottom of the 2nd over - 1 run(s), 1 hit(s), 1 error(s), 2 left on base; Virginia 2 - Saint John's 3
TOP OF THE 3RD
Virginia Cavaliers batting - Pitching for Saint John's Red Storm : RHP Ryan Heath
Batting: SHB Walton Locke 0-0: Foul Ball, location: 2F
0-1: Fly out, F7 (Flyball, 78M)
Batting: RHB Curt Owens 0-0: Called Strike
0-1: Ball
1-1: Called Strike
1-2: Ball
2-2: Hit by Pitch
Batting: LHB Gabriel Aragón 0-0: Called Strike
0-1: Ball
1-1: Ball
2-1: Ball
3-1: Foul Ball, location: 2F
3-2: Base on Balls
Curt Owens to second
Batting: RHB Jimmy Hoffman 0-0: Foul Ball, location: 2F
0-1: Foul Ball, location: 2F
0-2: Strikes out swinging
Batting: RHB Sean Johnson 0-0: Called Strike
0-1: Swinging Strike
0-2: Foul Ball, location: 2F
0-2: Ball
1-2: Ball
2-2: Strikes out swinging
Top of the 3rd over - 0 run(s), 0 hit(s), 0 error(s), 2 left on base; Virginia 2 - Saint John's 3
BOTTOM OF THE 3RD
Saint John's Red Storm batting - Pitching for Virginia Cavaliers : RHP Michael Waller
Batting: RHB Miguel Hernández 0-0: Called Strike
0-1: Ball
1-1: Swinging Strike
1-2: Strikes out swinging
Batting: RHB Jeffery Evans 0-0: Ball
1-0: Ball
2-0: Foul Ball, location: 2F
2-1: Foul Ball, location: 2F
2-2: Ball
3-2: Foul Ball, location: 2F
3-2: Ground out 6-3 (Groundball, 6)
Batting: RHB Mac Johnson 0-0: Ball
1-0: Swinging Strike
1-1: Ball
2-1: Ground out 5-3 (Groundball, 5)
Bottom of the 3rd over - 0 run(s), 0 hit(s), 0 error(s), 0 left on base; Virginia 2 - Saint John's 3
TOP OF THE 4TH
Virginia Cavaliers batting - Pitching for Saint John's Red Storm : RHP Ryan Heath
Batting: RHB Mark Whiffen 0-0: Ball
1-0: Called Strike
1-1: Called Strike
1-2: Foul Ball, location: 2F
1-2: Ball
2-2: Strikes out looking
Batting: RHB Stan Taylor 0-0: Foul Ball, location: 2F
0-1: Ball
1-1: Ball
2-1: Ball
3-1: Called Strike
3-2: SINGLE (Line Drive, 6MD)
Batting: RHB Bruce Kefer 0-0: Ball
1-0: Swinging Strike
1-1: Fielders Choice at 2nd, 6-4 (Groundball, 6)
Batting: RHB Bartolo Reyes 0-0: Ball
1-0: Ground out 6-3 (Groundball, 6)
Top of the 4th over - 0 run(s), 1 hit(s), 0 error(s), 1 left on base; Virginia 2 - Saint John's 3
BOTTOM OF THE 4TH
Saint John's Red Storm batting - Pitching for Virginia Cavaliers : RHP Michael Waller
Batting: RHB Nick Crosby 0-0: Foul Ball, location: 2F
0-1: Ball
1-1: Fly out, F8 (Flyball, 78M)
Batting: SHB Ray O'Dell 0-0: Called Strike
0-1: Foul Ball, location: 2F
0-2: Fly out, F7 (Flyball, 7M)
Batting: LHB Félix Costa 0-0: Ground out U3 (Groundball, 3)
Bottom of the 4th over - 0 run(s), 0 hit(s), 0 error(s), 0 left on base; Virginia 2 - Saint John's 3
TOP OF THE 5TH
Virginia Cavaliers batting - Pitching for Saint John's Red Storm : RHP Ryan Heath
Batting: SHB Walton Locke 0-0: Ball
1-0: Swinging Strike
1-1: SINGLE (Groundball, 34)
Batting: RHB Curt Owens 0-0: DOUBLE (Flyball, 78XD)
Walton Locke to third
Runner from 3rd tries for Home, SAFE, no throw or cutoff
Batting: LHB Gabriel Aragón 0-0: Ball
1-0: Ball
2-0: Swinging Strike
2-1: Ball
3-1: Base on Balls
Pitching: RHP Herman Merritt
Batting: RHB Jimmy Hoffman 0-0: SINGLE (Line Drive, 78M)
Curt Owens to third
Gabriel Aragón to second
Batting: RHB Sean Johnson 0-0: Ball
1-0: Called Strike
1-1: Swinging Strike
1-2: Foul Ball, location: 2F
1-2: Strikes out looking
Batting: RHB Mark Whiffen 0-0: Ball
1-0: Ball
2-0: Foul Ball, location: 2F
2-1: Swinging Strike
2-2: Strikes out swinging
Batting: RHB Stan Taylor 0-0: Fly out, F8 (Flyball, 8LM)
Top of the 5th over - 1 run(s), 3 hit(s), 0 error(s), 3 left on base; Virginia 3 - Saint John's 3
BOTTOM OF THE 5TH
Saint John's Red Storm batting - Pitching for Virginia Cavaliers : RHP Michael Waller
Pitching: RHP Dave Martin
Batting: SHB Frank Kennedy 0-0: Fly out, F8 (Flyball, 8LM)
Batting: LHB António Velásquez 0-0: Called Strike
0-1: Swinging Strike
0-2: Ball
1-2: Foul Ball, location: 2F
1-2: Fly out, F4 (Popup, 34D)
Batting: RHB Ed Merritt 0-0: Called Strike
0-1: DOUBLE (Line Drive, 7LM)
Batting: RHB Miguel Hernández 0-0: Called Strike
0-1: Ball
1-1: SINGLE (Flyball, 7LS)
Ed Merritt to third
Runner from 3rd tries for Home, SAFE, no throw or cutoff
Batting: RHB Jeffery Evans 0-0: Swinging Strike
0-1: Swinging Strike
0-2: Ball
1-2: Fly out, F9 (Flyball, 89XD)
Bottom of the 5th over - 1 run(s), 2 hit(s), 0 error(s), 1 left on base; Virginia 3 - Saint John's 4
TOP OF THE 6TH
Virginia Cavaliers batting - Pitching for Saint John's Red Storm : RHP Herman Merritt
Batting: RHB Bruce Kefer 0-0: Ball
1-0: Ground out 6-3 (Groundball, 56)
Batting: RHB Bartolo Reyes 0-0: Ball
1-0: Foul Ball, location: 2F
1-1: Swinging Strike
1-2: Ball
2-2: Foul Ball, location: 2F
2-2: Foul Ball, location: 2F
2-2: SINGLE (Line Drive, 56D)
Batting: SHB Walton Locke 0-0: Ball
1-0: Fly out, F8 (Flyball, 8LM)
Batting: RHB Curt Owens 0-0: Ball
Bartolo Reyes steals 2nd base
1-0: Ball
2-0: SINGLE (Flyball, 9LS)
Bartolo Reyes to third
Runner from 3rd tries for Home, SAFE, no throw or cutoff
Batting: LHB Gabriel Aragón 0-0: Ball
1-0: Swinging Strike
1-1: Ball
2-1: Ball
3-1: Foul Ball, location: 2F
3-2: Ground out U3 (Groundball, 3L)
Top of the 6th over - 1 run(s), 2 hit(s), 0 error(s), 1 left on base; Virginia 4 - Saint John's 4
BOTTOM OF THE 6TH
Saint John's Red Storm batting - Pitching for Virginia Cavaliers : RHP Dave Martin
Batting: RHB Mac Johnson 0-0: Called Strike
0-1: Ball
1-1: Ball
2-1: Called Strike
2-2: Strikes out swinging
Batting: RHB Nick Crosby 0-0: Ball
1-0: Foul Ball, location: 2F
1-1: Called Strike
1-2: Foul Ball, location: 2F
1-2: Strikes out swinging
Batting: SHB Ray O'Dell 0-0: Ball
1-0: Called Strike
1-1: Fly out, F5 (Popup, 5F)
Bottom of the 6th over - 0 run(s), 0 hit(s), 0 error(s), 0 left on base; Virginia 4 - Saint John's 4
TOP OF THE 7TH
Virginia Cavaliers batting - Pitching for Saint John's Red Storm : RHP Herman Merritt
Pitching: RHP Carlos Núñes
Batting: RHB Jimmy Hoffman 0-0: Called Strike
0-1: Ball
1-1: Foul Ball, location: 2F
1-2: Foul Ball, location: 2F
1-2: Ball
2-2: Ball
3-2: Base on Balls
Batting: RHB Sean Johnson 0-0: Bunted foul
0-1: Sac Bunt - play at second, runner OUT! 1-6
Batting: RHB Mark Whiffen 0-0: Ball
1-0: Reached on error, E5 (Groundball, 5S)
Sean Johnson to second
Batting: RHB Stan Taylor 0-0: Ball
1-0: Fly out, F7 (Flyball, 7M)
Batting: RHB Bruce Kefer 0-0: Called Strike
0-1: Ball
1-1: Swinging Strike
1-2: Strikes out swinging
Top of the 7th over - 0 run(s), 0 hit(s), 1 error(s), 2 left on base; Virginia 4 - Saint John's 4
BOTTOM OF THE 7TH
Saint John's Red Storm batting - Pitching for Virginia Cavaliers : RHP Dave Martin
Pitching: RHP Lorne McCoy
Batting: LHB Félix Costa 0-0: Ball
1-0: Ball
2-0: Foul Ball, location: 2F
2-1: Called Strike
2-2: SINGLE (Line Drive, 6MD)
Batting: SHB Frank Kennedy 0-0: Ball
1-0: Sac Bunt - play at first, batter OUT! 2-4
Félix Costa to second
Batting: LHB António Velásquez 0-0: Intentional Walk
Batting: RHB Ed Merritt 0-0: Ball
1-0: Called Strike
António Velásquez is caught stealing 2nd base
1-1: Foul Ball, location: 2F
1-2: Strikes out swinging
Bottom of the 7th over - 0 run(s), 1 hit(s), 0 error(s), 1 left on base; Virginia 4 - Saint John's 4
TOP OF THE 8TH
Virginia Cavaliers batting - Pitching for Saint John's Red Storm : RHP Carlos Núñes
Batting: RHB Bartolo Reyes 0-0: Ball
1-0: Ball
2-0: Called Strike
2-1: Ball
3-1: Called Strike
3-2: Strikes out looking
Batting: SHB Walton Locke 0-0: Ball
1-0: Called Strike
1-1: Foul Ball, location: 2F
1-2: Ball
2-2: Ball
3-2: Base on Balls
Batting: RHB Curt Owens 0-0: Ball
1-0: Called Strike
1-1: Called Strike
1-2: Ball
2-2: Foul Ball, location: 2F
2-2: Strikes out swinging
Batting: LHB Gabriel Aragón 0-0: Called Strike
0-1: Reached on Error, E7 (Line Drive, 7M)
Walton Locke to third
Batting: RHB Jimmy Hoffman 0-0: Swinging Strike
0-1: Swinging Strike
0-2: Ball
1-2: Foul Ball, location: 2F
1-2: SINGLE (Groundball, 34D)
Walton Locke scores
Gabriel Aragón to third
Runner from 3rd tries for Home, SAFE, no throw or cutoff
Batting: RHB Sean Johnson 0-0: Swinging Strike
0-1: Ground out 5-3 (Groundball, 5S)
Top of the 8th over - 2 run(s), 1 hit(s), 1 error(s), 1 left on base; Virginia 6 - Saint John's 4
BOTTOM OF THE 8TH
Saint John's Red Storm batting - Pitching for Virginia Cavaliers : RHP Lorne McCoy
Batting: RHB Miguel Hernández 0-0: Ball
1-0: Ball
2-0: Ball
3-0: Base on Balls
Batting: RHB Jeffery Evans 0-0: Called Strike
0-1: Ball
1-1: Ball
2-1: Ball
3-1: Base on Balls
Miguel Hernández to second
Batting: RHB Mac Johnson 0-0: Called Strike
0-1: Ball
1-1: Swinging Strike
1-2: Ball
2-2: Ball
3-2: SINGLE (Line Drive, 4MD)
Miguel Hernández to third
Jeffery Evans to second
Pitching: RHP Ben Ellison
Batting: RHB Nick Crosby 0-0: Called Strike
0-1: Called Strike
0-2: Grounds into double play, 4-6-3 (Groundball, 4)
Miguel Hernández scores
Jeffery Evans to third
Pinch Hitting: RHB Brent Allen 0-0: Foul Ball, location: 2F
0-1: Called Strike
0-2: Foul Ball, location: 2F
0-2: Ball
1-2: Ball
2-2: Ball
3-2: Base on Balls
Batting: LHB Félix Costa 0-0: Fly out, F7 (Flyball, 7S)
Bottom of the 8th over - 1 run(s), 1 hit(s), 0 error(s), 2 left on base; Virginia 6 - Saint John's 5
TOP OF THE 9TH
Virginia Cavaliers batting - Pitching for Saint John's Red Storm : RHP Carlos Núñes
Now in LF: Dan Ross
Batting: RHB Mark Whiffen 0-0: Fly out, F8 (Flyball, 8LXD)
Batting: RHB Stan Taylor 0-0: Ball
1-0: Fly out, F8 (Flyball, 8LM)
Batting: RHB Bruce Kefer 0-0: Called Strike
0-1: Fly out, F7 (Flyball, 78M)
Top of the 9th over - 0 run(s), 0 hit(s), 0 error(s), 0 left on base; Virginia 6 - Saint John's 5
BOTTOM OF THE 9TH
Saint John's Red Storm batting - Pitching for Virginia Cavaliers : RHP Ben Ellison
Pitching: RHP Will Hall
Now at 3B: Jorge Tamayo
Batting: SHB Frank Kennedy 0-0: Called Strike
0-1: SINGLE (Line Drive, 6MD)
Batting: LHB António Velásquez 0-0: Swinging Strike
0-1: SINGLE (Line Drive, 34)
Frank Kennedy to second
Batting: RHB Ed Merritt 0-0: Ball
1-0: Fly out, F4 (Popup, 4M)
Batting: RHB Miguel Hernández 0-0: Called Strike
0-1: Called Strike
0-2: Foul Ball, location: 2F
0-2: Fly out, F9 (Flyball, 89S)
Batting: RHB Jeffery Evans 0-0: Foul Ball, location: 2F
0-1: Ball
1-1: Ground out 5-3 (Groundball, 5)
Bottom of the 9th over - 0 run(s), 2 hit(s), 0 error(s), 2 left on base; Virginia 6 - Saint John's 5
This league is powered by Out of the Park Baseball, the baseball management simulation game for PC, Mac and Linux
Tuesday, August 2nd, 2016 - OOTP Baseball 16.8 Build 38